 Dungeon Crawl Stone Soup version 0.25.1-2-g60ff931df9 (webtiles) character file.

Game seed: 14075875619931743327

403 DerDa the Chiller (level 6, -7/41 HPs)
             Began as a Merfolk Ice Elementalist on Sept 21, 2020.
             Was an Initiate of Sif Muna.
             Shot with an arrow by a centaur (9 damage)
             ... on level 4 of the Dungeon.
             The game lasted 00:07:24 (3564 turns).

DerDa the Chiller (Merfolk Ice Elementalist)        Turns: 3564, Time: 00:07:25

Health: -7/41      AC:  5    Str:  9    XL:     6   Next: 86%
Magic:  13/13      EV: 13    Int: 16    God:    Sif Muna [......]
Gold:   100        SH:  0    Dex: 14    Spells: 7/14 levels left

rFire    . . .     SeeInvis .   v - +0 trident
rCold    . . .     Gourm    .   (no shield)
rNeg     . . .     Faith    .   y - +1 robe {MR+}
rPois    .         Spirit   .   u - +0 helmet
rElec    .         Reflect  .   k - +0 cloak
rCorr    .         Harm     .   (no gloves)
MR       +....                  (no boots)
Stlth    +.........             (no amulet)
HPRegen  0.13/turn              i - ring of wizardry
MPRegen  0.13/turn              w - ring of attention (curse)

@: no status effects
A: change form in water, swift swim, stealthy swim
a: Renounce Religion


You were on level 4 of the Dungeon.
You worshipped Sif Muna.
Sif Muna was noncommittal.
You were not hungry.

You visited 1 branch of the dungeon, and saw 4 of its levels.

You collected 100 gold pieces.

Inventory:

Hand Weapons
 d - a +0 club
 v - a +0 trident (weapon)
Missiles
 f - a throwing net (quivered)
Armour
 a - a +0 robe
 k - a +0 cloak (worn)
 s - a +0 buckler
 u - a +0 helmet (worn)
 y - a +1 robe of magic resistance (worn)
Jewellery
 i - a ring of wizardry (left hand)
 w - a cursed ring of attention (right hand)
Wands
 p - a wand of acid (9)
Scrolls
 j - 2 scrolls of enchant armour
 m - a scroll of blinking
 o - a scroll of fog
 q - a scroll of immolation {unknown}
 r - a scroll of remove curse {unknown}
Potions
 g - a potion of curing
 h - 2 potions of brilliance {unknown}
 l - 2 potions of heal wounds {unknown}
 n - a potion of lignification {unknown}
 t - a potion of haste {unknown}
 x - 2 potions of invisibility {unknown}
Comestibles
 c - 5 rations


   Skills:
 - Level 2.6 Dodging
 - Level 2.1 Stealth
 * Level 4.7 Spellcasting
 * Level 6.9 Ice Magic


You had 7 spell levels left.
You knew the following spells:

 Your Spells              Type           Power        Failure   Level  Hunger
a - Freeze                Ice            ####         1%          1    None
b - Frozen Ramparts       Ice            ####..       1%          3    ###....
c - Ozocubu's Armour      Chrm/Ice       ##......     4%          3    ###....

Your spell library contained the following spells:

 Spells                   Type           Power        Failure   Level  Hunger
 Hailstorm                Conj/Ice       ##......     16%         4    ####...
 Summon Ice Beast         Ice/Summ       ##......     16%         4    ####...


Dungeon Overview and Level Annotations

Branches:
Dungeon (4/15)
 Temple: D:4-7

Altars:
Dithmenos
Gozag
Nemelex Xobeh
Qazlal
Sif Muna
Uskayaw

Shops:
D:4 *


Message History

There is a fountain of clear blue water here.
There is an opulent altar of Gozag here.
Your legs become a tail as you enter the water.
A centaur comes into view.
The centaur wields a +0 shortbow.
The centaur shoots an arrow.
The arrow hits you!
You see here an arrow.
The centaur shoots an arrow.
The arrow hits you!
The centaur shoots an arrow.
The arrow misses you.
You see here 2 arrows.
The centaur shoots an arrow.
The arrow barely misses you.
The centaur shoots an arrow.
The arrow closely misses you.
The centaur shoots an arrow.
The arrow hits you!
* * * LOW HITPOINT WARNING * * *
You see here an arrow.
The centaur shoots an arrow.
The arrow hits you!
* * * LOW HITPOINT WARNING * * *
You see here an arrow.
The centaur shoots an arrow.
The arrow hits you!
You die...

#.#....... ###.#.......
#..(........ ##((........
##........... #............
#....(....... ##...(.#.....
########..@#.....#
####.....##.......c.#
#........##..>.<....##
#.≈≈.≈≈...#..........#....
#.≈...≈....................
#.≈._.≈............#.......
#≈≈...≈≈..........##.......
#≈.....≈..........# .......
#≈.⌠.⌠.≈..........##.......


You could see a centaur.

Vanquished Creatures
  Sigmund (D:3)
  Natasha (thrice) (D:3)
  A worker ant (D:3)
  Robin (D:3)
  6 adders
  2 oozes (D:1)
  A worm (D:2)
  A leopard gecko (D:1)
  An orc (D:3)
  3 giant cockroaches
  13 goblins
  14 hobgoblins
  4 jackals (D:3)
  5 kobolds
  A quokka (D:3)
  8 bats
  3 frilled lizards
  8 rats
76 creatures vanquished.

Notes
Turn   | Place    | Note
-------+----------+-------------------------------------------
     0 | D:1      | DerDa the Merfolk Ice Elementalist began the quest for the
                  | Orb.
     0 | D:1      | Reached XP level 1. HP: 13/13 MP: 3/3
   128 | D:1      | Reached XP level 2. HP: 19/19 MP: 0/5
   503 | D:1      | Reached XP level 3. HP: 24/24 MP: 4/6
   711 | D:1      | Reached skill level 5 in Ice Magic
  1291 | D:2      | Reached XP level 4. HP: 30/30 MP: 4/8
  1299 | D:2      | Learned a level 3 spell: Frozen Ramparts
  1303 | D:2      | Learned a level 3 spell: Ozocubu's Armour
  2255 | D:3      | Found a shadowy altar of Dithmenos.
  2268 | D:3      | Reached XP level 5. HP: 35/35 MP: 8/10
  2303 | D:3      | Found a stormy altar of Qazlal.
  2307 | D:3      | Found a sparkling altar of Nemelex Xobeh.
  2307 | D:3      | Found an opulent altar of Gozag.
  2348 | D:3      | Found a shimmering blue altar of Sif Muna.
  2350 | D:3      | Noticed Robin
  2351 | D:3      | Found a hide-covered altar of Uskayaw.
  2369 | D:3      | Killed Robin
  2460 | D:3      | Became a worshipper of Sif Muna the Loreminder
  2585 | D:3      | Noticed Sigmund
  2595 | D:3      | Killed Sigmund
  2595 | D:3      | Reached skill level 6 in Ice Magic
  2595 | D:3      | Reached XP level 6. HP: 27/41 MP: 5/12
  2716 | D:3      | Found a faded altar of an unknown god.
  2784 | D:3      | Noticed Natasha
  2789 | D:3      | Killed Natasha
  2932 | D:3      | Noticed Natasha
  2949 | D:3      | Killed Natasha
  3345 | D:3      | Noticed Natasha
  3352 | D:3      | Killed Natasha
  3530 | D:4      | Found an opulent altar of Gozag.
  3532 | D:4      | Found Gozag's Platinum Reserve.
  3563 | D:4      | HP: 2/41 [centaur/arrow (10)]
  3564 | D:4      | Shot with an arrow by a centaur

Illustrated notes

Levels and vault maps discovered:
D:1:      lemuel_arrival_room, layout_loops_ring
D:2:      layout_rooms, kennysheep_generic_room_16
D:3:      layout_rooms, grunt_temple_overflow_opulence,
          grunt_temple_overflow_open, first_ration,
          chequers_ecumenical_altar_lobes, grunt_decor_mini_mirrors,
          st_stairs_14, chequers_serial_rivers_micro_a,
          grunt_dithmenos_smoke_and_mirrors, uniq_natasha, uniq_sigmund,
          uniq_robin
D:4:      layout_cave_pools, lemuel_round_altar,
          nicolae_gozag_zags_fifth_avenue, uniq_ijyb

Skill      XL: |  1  2  3  4  5 |
---------------+----------------+-----
Ice Magic      | 5 6 |  6.9
Spellcasting   | 3 4 |  4.7
Dodging        | |  2.6
Stealth        | |  2.1

Action                   |  1- 3 |  4- 6 || total
-------------------------+-------+-------++-------
Melee: Club              |     9 |    20 ||    29
       Trident           |       |    26 ||    26
 Cast: Freeze            |    46 |    53 ||    99
       Frozen Ramparts   |       |     5 ||     5
       Ozocubu's Armour  |       |     1 ||     1
  Use: Scroll            |       |     4 ||     4
 Stab: Sleeping          |       |     5 ||     5
  Eat: Chunk             |     2 |     7 ||     9
Armor: Robe              |     6 |    15 ||    21
Dodge: Dodged            |    37 |    68 ||   105
